 Dungeon Crawl Stone Soup version 0.29-a0-284-gf9362112df (webtiles) character file.

Game seed: 865557932410098294

1 spaghetti the Skirmisher (level 1, -3/27 HPs)
             Began as a Demonspawn Berserker on Mar 21, 2022.
             Was a Follower of Trog.
             Frozen to death by an endoplasm (5 damage)
             ... on level 1 of the Dungeon.
             The game lasted 00:00:11 (91 turns).

spaghetti the Skirmisher (Demonspawn Berserker)       Turns: 91, Time: 00:00:11

Health: -3/27      AC:  2    Str: 17    XL:     1   Next: 16%
Magic:  1/1        EV: 12    Int:  8    God:    Trog [*.....]
Gold:   9          SH:  0    Dex: 12    Spells: 0/0 levels left

rFire   . . .      SeeInvis .   a - +0 falchion {long}
rCold   . . .      Faith    .   (no shield)
rNeg    . . .      Spirit   .   b - +0 animal skin
rPois   .          Reflect  .   (no helmet)
rElec   .          Harm     .   (no cloak)
rCorr   .          Rampage  .   (no gloves)
Will    .....                   (no boots)
Stlth   ..........              (no amulet)
HPRegen 0.09/turn               (no ring)
MPRegen 0.07/turn               (no ring)

@: berserking, very quick
A: no striking features
a: Renounce Religion, Berserk


You were on level 1 of the Dungeon.
You worshipped Trog.
Trog was aware of your devotion.
You visited 1 branch of the dungeon, and saw 1 of its levels.

You collected 9 gold pieces.


   Skills:
 + Level 3.1 Fighting
 - Level 2.6 Long Blades
 - Level 1.7 Armour
 - Level 1.7 Dodging


You couldn't memorise any spells.
You didn't know any spells.
Your spell library was empty.

Inventory:

Hand Weapons
 a - a +0 falchion (weapon) {long}
Missiles
 d - 17 stones (quivered) {throwing}
Armour
 b - a +0 animal skin (worn)
Potions
 c - a potion of haste {unknown}

Dungeon Overview and Level Annotations

Branches:
Dungeon (1/15)

Altars:

...........###.#
.......#.#.# #.#
.......#.#.# #.#
.......#.#.###.###
.................#
.......###.###.###
...#..###.###.###
......J.....#
......J@....#
..###.###.### ..
#.# ## #.# ..# ...
###


You could see 2 endoplasms.


Message History

🤖 Initializing magus.rc ...
Options error: Delay interrupt name "hungry" not recognised. (~/.crawlrc:4761) Options error: Bad monster_list_colour key: strict_neutral (~/.crawlrc:4776) ✅ Successfully initialized magus.rc [v1.9.6] Welcome, spaghetti the Demonspawn Berserker.
Are you destined to find the incredible Orb of Zot, or to die trying?
Trog says: Kill them all!
Press ? for a list of commands and other information.
Found a staircase leading out of the dungeon.
You open the door.
There is an open door here.
A bat comes into view.
A bat is nearby!
A bat is nearby!
A bat is nearby!
You see here an orange potion.
c - an orange potion You closely miss the bat.
The bat misses you. The bat hits you but does no damage. x2
You slash the bat!
You kill the bat!
Trog accepts your kill.
Key pressed, stopping explore.
A bat comes into view.
You see here 9 gold pieces.
You now have 9 gold pieces.
The bat misses you.
You slash the bat!
You kill the bat!
Trog accepts your kill.
d - 17 stones {throwing} 2 endoplasms come into view.
The endoplasm quivers.
There are monsters nearby!
There are monsters nearby!
The endoplasm quivers.
You hit the endoplasm. The endoplasm freezes you.
You are frozen. 😮 HP[-5]
You take 5 damage, and now have 13/18 hp.
MASSIVE DAMAGE!! (PAUSE)
You hit the endoplasm. The endoplasm hits you. 😮 HP[-1]
You take 1 damage, and now have 12/18 hp.
You hit the endoplasm but do no damage. The endoplasm hits you.
* * * LOW HITPOINT WARNING * * *
The endoplasm freezes you.
You are frozen.
* * * LOW HITPOINT WARNING * * *
The endoplasm freezes you.
You are frozen.
* * * LOW HITPOINT WARNING * * *
The endoplasm freezes you.
You are frozen.
* * * LOW HITPOINT WARNING * * *
😱 HP[-11]
You take 11 damage, and now have 1/18 hp.
MASSIVE DAMAGE!! (PAUSE)
A red film seems to cover your vision as you go berserk!
You feel yourself moving faster!
You feel mighty! The endoplasm freezes you.
You are frozen.
You die...

Action                   || total
-------------------------++-------
Melee: Falchion          ||     6
Invok: Berserk           ||     1
Armor: Animal skin       ||     2
Dodge: Dodged            ||     2

Levels and vault maps discovered:
D:1:      dpeg_arrival_shelter, layout_basic, shapermc_ecumenical_altar_gd,
          chequers_serial_rivers_small_b

Notes
Turn   | Place    | Note
-------+----------+-------------------------------------------
     0 | D:1      | spaghetti the Demonspawn Berserker began the quest for the
                  | Orb.
     0 | D:1      | Reached XP level 1. HP: 18/18 MP: 1/1
     0 | D:1      | magus.rc [v1.9.6]
    90 | D:1      | HP: 1/18 [frozen (5)]
    91 | D:1      | Frozen to death by an endoplasm

Vanquished Creatures
  2 bats (D:1)
2 creatures vanquished.

Table legend:
 A = Non-vault XP
 B = Vault XP
 C = Vault XP percentage of total XP
 D = Non-vault monster count
 E = Vault monster count
 F = Vault count percentage of total count
                 A         B        C        D         E       F
            +---------+---------+-------+---------+---------+-------
      Total |       2 |       0 |   0.0 |       2 |       0 |   0.0
            +---------+---------+-------+---------+---------+-------
        D:1 |       2 |       0 |   0.0 |       2 |       0 |   0.0
            +---------+---------+-------+---------+---------+-------

Illustrated notes

Table legend:
 A = Kills in this place as a percentage of kills in entire the game.
 B = Kills by you in this place as a percentage of kills by you in the entire game.
 C = Kills by friends in this place as a percentage of kills by friends in the entire game.
 D = Other kills in this place as a percentage of other kills in the entire game.
 E = Experience gained in this place as a percentage of experience gained in the entire game.
 F = Experience gained in this place divided by the number of levels of this place that you have seen.
                   A       B       C       D       E      F
               +-------+-------+-------+-------+-------+----------------------
         Total | 100.0 | 100.0 |   N/A |   N/A | 100.0 |   2.0
       Dungeon | 100.0 | 100.0 |   N/A |   N/A | 100.0 |   2.0
               +-------+-------+-------+-------+-------+----------------------

Table legend: (Time is in decaauts)
 A = Elapsed time spent in this place.
 B = Non-inter-level travel time spent in this place.
 C = Inter-level travel time spent in this place.
 D = Time resting spent in this place.
 E = Time spent auto-exploring this place.
 F = Levels seen in this place.
 G = Mean time per level.
                   A        B        C        D        E       F      G
               +--------+--------+--------+--------+--------+-----+--------+
         Total |     92 |     92 |      0 |      0 |     70 |   1 |   92.0 |
       Dungeon |     92 |     92 |      0 |      0 |     70 |   1 |   92.0 |
               +--------+--------+--------+--------+--------+-----+--------+

Top non-repeatable levels by time:
     D:1: 92 daAuts
